AoeStats
← WING123456

Oasis

509860236Analyzed
3v3 RM · 4d ago on Sep 28, 2026· 24m 41s· 6 players
Game mode
Random Map
Map size
Normal (6 player)
Population
200
Speed
Normal
Resources
Standard
Victory
Conquest
Starting age
Dark Age
Ending age
Imperial Age
RankedLock teamsTeams togetherTeam positionsShared explorationLock speedFull tech treeHidden civsTurbo modeCheats
Victory
Defeat
🇦🇺 Mongols · Australia
1149
+11
🇭🇷 Vikings · Croatia
1120
+12
🇦🇺 Varangians · Australia
1107
+13
🇨🇳 Vikings · China
1092
-14
🇫🇷 Britons · France
1059
-13
🇩🇪 Franks · Germany
962
-28
Unknown-Ben
12:20 Feudal Age
14:47 Loom
18:05 Fletching
21:44 Castle Age
21:38 Stone Mining
m4jest1cs
7:56 Loom
11:00 Feudal Age
11:29 Double-Bit Axe
13:50 Wheelbarrow
19:25 Castle Age
20:23 Scale Barding Armor
24:09 Gold Mining
WING123456
7:05 Loom
11:09 Feudal Age
14:26 Fletching
17:31 Padded Archer Armor
26:41 Castle Age
Filip_jede_Meso
6:13 Loom
9:48 Feudal Age
10:06 Man-at-Arms
15:00 Fletching
16:31 Double-Bit Axe
22:05 Castle Age
21:00 Scale Mail Armor
21:24 Padded Archer Armor
21:58 Forging
22:28 Crossbowman
23:00 Horse Collar
Trollociraptor
7:40 Loom
9:50 Feudal Age
11:03 Double-Bit Axe
12:53 Bloodlines
21:35 Castle Age
20:18 Wheelbarrow
19:30 Town Watch
Rocinante
7:07 Loom
9:01 Feudal Age
10:58 Double-Bit Axe
10:55 Horse Collar
18:07 Fletching
18:21 Padded Archer Armor
23:59 Castle Age
24:49 Bodkin Arrow
Connection lost

Rejoining the realm…

Still unreachable

The connection could not be restored.

Session expired

The server has moved on; the page needs a fresh start.